 Dungeon Crawl Stone Soup version 0.31-a0-37-g98a128e1d9 (webtiles) character file.

Game seed: 12047113987805107485

1094 BlueFish the Charlatan (level 8, -3/67 HPs)
             Began as a Green Draconian Artificer on May 16, 2023.
             Killed by divine providence
             ... invoked by an orc priest
              (13 damage)
             ... on level 6 of the Dungeon.
             The game lasted 00:10:12 (4500 turns).

BlueFish the Charlatan (Green Draconian Artificer)  Turns: 4500, Time: 00:10:13

Health: -3/67      AC:  9    Str: 15    XL:     8   Next: 10%
Magic:  17/17      EV: 13    Int: 14    God:
Gold:   271        SH:  0    Dex: 11    Spells: 7/7 levels left

rFire   + + +        z - +10 mace of the Wicked God {spect, *Noise Fly rF+++ MP+9}
rCold   . . .        (no shield)
rNeg    . . .        (body armour unavailable)
rPois   +            (helmet restricted)
rElec   .            i - +0 cloak
rCorr   .            g - +0 pair of gloves
SInv    .            f - +0 pair of boots
Will    .....        (no amulet)
Stlth   ++           B - ring of poison resistance
HPRegen 0.31/turn    (no ring)
MPRegen 0.15/turn

%: no passive effects
@: flying
A: breathe noxious fumes, AC +6, unfitting armour, poison resistance,
cold-blooded
a: Breathe Noxious Fumes


You were on level 6 of the Dungeon.
You visited 2 branches of the dungeon, and saw 7 of its levels.

You collected 271 gold pieces.

Inventory:

Hand Weapons
 o - a +3 dagger of speed
 z - the +10 mace of the Wicked God (weapon) {spect, *Noise Fly rF+++ MP+9}
   (You found it on level 4 of the Dungeon)

   rF:        It renders you almost immune to fire.
   MP:        It affects your magic capacity (+9).
   Fly:       It grants you flight.
   *Noise:    It may make noises in combat.
Armour
 f - a +0 pair of boots (worn)
 g - a +0 pair of gloves (worn)
 i - a +0 cloak (worn)
Jewellery
 B - a ring of poison resistance (left hand)
 D - a +5 ring of evasion
Wands
 b - a wand of flame (15) (quivered)
 c - a wand of charming (21)
 d - a wand of iceblast (5)
 q - a wand of polymorph (7)
 E - a wand of acid (6)
Scrolls
 e - a scroll of blinking
 j - 2 scrolls of noise
 n - 2 scrolls of magic mapping {unknown}
 p - a scroll of identify
 s - a scroll of silence {unknown}
 v - a scroll of torment
 w - 2 scrolls of teleportation
 x - a scroll of fear {unknown}
 y - 2 scrolls of enchant weapon
 C - a scroll of amnesia {unknown}
 F - a scroll of immolation {unknown}
Potions
 a - a potion of attraction {unknown}
 h - 2 potions of magic
 k - 4 potions of curing
 l - a potion of lignification {unknown}
 m - a potion of cancellation
 r - a potion of haste
 t - a potion of mutation
 u - a potion of brilliance {unknown}
 A - a potion of degeneration {unknown}


   Skills:
 + Level 4.7 Fighting
 - Level 1.1 Short Blades
 + Level 3.4 Maces & Flails
 + Level 4.4 Dodging
 + Level 4.2 Stealth
 + Level 5.2 Evocations


You had 7 spell levels left.
You didn't know any spells.
Your spell library contained the following spells:

 Spells                   Type           Power      Damage    Failure   Level
 Call Canine Familiar     Summ           0%         N/A       65%         3
 Dazzling Flash           Conj/Hex       0%         N/A       65%         3
 Ozocubu's Armour         Ice            0%         N/A       65%         3
 Portal Projectile        Hex/Tloc       0%         N/A       65%         3
 Tukima's Dance           Hex            0%         N/A       65%         3
 Volatile Blastmotes      Fire/Tloc      0%         2d10      65%         3
 Flame Wave               Conj/Fire      0%         2d4       96%         4
 Iskenderun's Mystic Bla  Conj/Tloc      0%         2d3       96%         4
 Blade Hands              Tmut           0%         N/A       100%        5
 Fireball                 Conj/Fire      0%         3d3       100%        5
 Metabolic Englaciation   Hex/Ice        0%         N/A       100%        5
 Simulacrum               Ice/Necr       0%         N/A       100%        6
 Starburst                Conj/Fire      0%         6d3       100%        6
 Summon Horrible Things   Summ           0%         N/A       100%        8


Dungeon Overview and Level Annotations

Branches:
Dungeon (6/15)             Temple (1/1) D:6

Altars:
Ashenzari
Dithmenos
Gozag
Hepliaklqana
Kikubaaqudgha
Makhleb
Nemelex Xobeh
Okawaru
Sif Muna
Trog
Uskayaw
Vehumet
Wu Jian
Xom
Yredelemnul
Zin
The Shining One


Innate Abilities, Weirdness & Mutations

You can breathe blasts of noxious fumes.
Your lurid green scales are hard. (AC +6)
You cannot fit into any form of body armour.
Your system is resistant to poisons. (rPois)
You are cold-blooded and may be slowed by cold attacks.


Message History

A scorpion comes into view.
The orc wizard gestures at you while chanting.
The magic dart hits you.
* * * LOW HITPOINT WARNING * * *
An orc comes into view. It is wielding a +0 war axe.
The ice beast hits you but does no damage.
The water moccasin barely misses you.
The water moccasin attacks as you move away!
The water moccasin bites you but does no damage.
The orc wizard attacks as you move away!
The orc wizard hits you with a +0 dagger.
* * * LOW HITPOINT WARNING * * *
The orc wizard mumbles some strange words.
The orc wizard flickers and vanishes!
Deactivating autopickup; reactivate with Ctrl-A.
The orc wizard attacks as you move away!
The orc wizard hits you but does no damage.
The ice beast attacks as you move away!
The ice beast hits you but does no damage.
A jelly comes into view.
An orc wizard comes into view. It is wielding a +4 dagger of venom.
The water moccasin bites you but does no damage.
The ice beast attacks as you move away! The ice beast hits you.
* * * LOW HITPOINT WARNING * * *
The ice beast freezes you!
You feel yourself slow down.
* * * LOW HITPOINT WARNING * * *
The ice beast attacks as you move away! The ice beast barely misses you.
You feel yourself speed up.
Your surroundings suddenly seem different.
Found 6 stones, 17 gold pieces and a potion of cancellation.
Found a stone staircase leading up.
Found a scroll of teleportation.
The sentinel's mark upon you fades away.
Found a short sword.
An ogre comes into view. It is wielding a +0 giant club.
An ice beast comes into view.
An orc priest comes into view. It is wielding a +0 falchion.
The orc priest mumbles some strange prayers to Beogh against you.
Beogh smites you!
You die...

... ....#.. ...
....... .....# ## ...
..............###.Y
#.. ..........
....#...o ..
..#....... ....... .
#....... #....# ..
##.....# #..O.#
...#......####@...#...
...##........#........
......................
......................
......................
.................)#...
...(..............#...
......................
?....................


You could see an ice beast, an ogre and an orc priest.

Vanquished Creatures
  A water moccasin (D:5)
  A black bear (D:5)
  An ice beast (D:5)
  A centaur (D:6)
  A phantom (D:6)
  A bullfrog (D:6)
  3 scorpions (D:5)
  2 hounds
  An orc priest (D:6)
  2 iguanas (D:5)
  2 orc wizards
  3 gnolls (D:3)
  8 adders
  2 white imps (D:5)
  An ufetubus (D:6)
  12 orcs
  3 ball pythons
  5 bats
  6 endoplasms
  4 giant cockroaches
  8 hobgoblins
  2 jackals (D:1)
  2 quokkas
  5 frilled lizards
  5 goblins
  8 kobolds
  5 rats
95 creatures vanquished.

Notes
Turn   | Place    | Note
-------+----------+-------------------------------------------
     0 | D:1      | BlueFish the Draconian Artificer began the quest for the
                  | Orb.
     0 | D:1      | Reached XP level 1. HP: 16/16 MP: 1/1
    53 | D:1      | Reached skill level 1 in Stealth
   131 | D:1      | Reached XP level 2. HP: 19/23 MP: 2/2
   802 | D:2      | Reached XP level 3. HP: 28/29 MP: 3/3
  1297 | D:3      | Reached XP level 4. HP: 36/36 MP: 4/4
  1298 | D:3      | Found a sparkling altar of Nemelex Xobeh.
  1429 | D:3      | Got the Incunabulum of Amassed Phlogiston
  1662 | D:3      | Found a shadowy altar of Dithmenos.
  1672 | D:3      | Reached skill level 1 in Short Blades
  2187 | D:4      | Identified the +10 mace of the Wicked God {spect, *Noise
                  | Fly rF+++ MP+9}
  2315 | D:4      | Reached XP level 5. HP: 37/42 MP: 5/5
  2498 | D:4      | Found a shimmering blue altar of Sif Muna.
  2983 | D:5      | Entered Level 5 of the Dungeon
  3106 | D:5      | Reached skill level 1 in Maces & Flails
  3106 | D:5      | Reached skill level 4 in Evocations
  3137 | D:5      | Reached XP level 6. HP: 51/51 MP: 6/6
  3499 | D:5      | Noticed a water moccasin
  3505 | D:5      | Killed a water moccasin
  3720 | D:5      | Your scales start taking on a lurid green colour.
  3720 | D:5      | Reached XP level 7. HP: 53/58 MP: 7/7
  3720 | D:5      | Gained mutation: Your system is resistant to poisons.
                  | (rPois) [Green Draconian growth]
  3952 | D:6      | Found a staircase to the Ecumenical Temple.
  4046 | D:5      | Reached skill level 5 in Evocations
  4208 | Temple   | Entered the Ecumenical Temple
  4481 | D:6      | Reached XP level 8. HP: 57/67 MP: 8/8
  4500 | D:6      | Killed from afar by an orc priest

Illustrated notes

Levels and vault maps discovered:
D:1:      ncdulo_wetmaze, layout_basic, minmay_misc_feat_four_crosses
D:2:      layout_rooms
D:3:      layout_loops_ring, lemuel_crystal_altar, nemelex_dance_club_becter,
          minmay_misc_feat_encased
D:4:      layout_loops_corners, mainiacjoe_overflow_concentric_impassable,
          nicolae_concentric_dashed_squares_mild
D:5:      layout_basic
D:6:      layout_cave_pools, minmay_temple_entry_butterflies
Temple:   dpeg_chambers_temple

Skill      XL: |  1  2  3  4  5  6  7 |
---------------+----------------------+-----
Stealth        | 1 2 3 4 |  4.2
Fighting       | 2 3 4 |  4.7
Short Blades   | 1 |  1.1
Dodging        | 3 4 |  4.4
Maces & Flails | 1 2 3 |  3.4
Evocations     | 4 5 |  5.2

Action                     |  1- 3 |  4- 6 |  7- 9 || total
---------------------------+-------+-------+-------++-------
  Melee: Whip              |    52 |       |       ||    52
         Dagger            |    88 |    67 |       ||   155
         Tailslap          |    16 |    10 |     6 ||    32
         Mace              |    37 |    48 |    39 ||   124
         Punch             |       |     3 |     1 ||     4
    Use: Scroll            |       |     9 |     1 ||    10
         Potion            |       |     1 |     1 ||     2
   Stab: Sleeping          |     3 |     4 |       ||     7
         Distracted        |       |       |     1 ||     1
 Armour: Skin              |    68 |    26 |    35 ||   129
  Dodge: Dodged            |   110 |    66 |    27 ||   203

Table legend: (Time is in decaauts)
 A = Elapsed time spent in this place.
 B = Non-inter-level travel time spent in this place.
 C = Inter-level travel time spent in this place.
 D = Time resting spent in this place.
 E = Time spent auto-exploring this place.
 F = Levels seen in this place.
 G = Mean time per level.
                   A        B        C        D        E       F      G
               +--------+--------+--------+--------+--------+-----+--------+
         Total |   4505 |   4357 |    148 |    299 |   3098 |   7 |  643.6 |
       Dungeon |   4278 |   4153 |    125 |    299 |   2907 |   6 |  713.0 |
        Temple |    226 |    203 |     23 |      0 |    191 |   1 |  226.0 |
               +--------+--------+--------+--------+--------+-----+--------+

Top non-repeatable levels by time:
     D:5: 1104 daAuts
     D:4: 973 daAuts
     D:1: 794 daAuts
     D:3: 791 daAuts
     D:2: 479 daAuts
  Temple: 226 daAuts
     D:6: 134 daAuts
